 Dungeon Crawl Stone Soup version 0.19.0-26-g9e9c210 (webtiles) character file.

4096 kidcy the Frost Mage (level 10, 56/77 HPs)
             Began as a Merfolk Ice Elementalist on Nov 23, 2016.
             Was a Priest of Sif Muna.
             Starved to death
             ... while paralysed
             ... on level 7 of the Dungeon.
             The game lasted 00:38:03 (13213 turns).

kidcy the Frost Mage (Merfolk Ice Elementalist)    Turns: 13213, Time: 00:38:03

Health: 56/77      AC:  5    Str:  8 (11) XL:     10   Next: 26%
Magic:  19/20      EV:  2    Int: 18 (19) God:    Sif Muna [***...]
Gold:   210        SH:  0    Dex: 14 (15) Spells: 5 memorised, 8 levels left

rFire  + . .     SeeInvis +     p - +1 long sword
rCold  . . .     Gourm    .     (no armour)
rNeg   . . .     Faith    +     (no shield)
rPois  .         Spirit   .     e - +1 helmet
rElec  .         Reflect  .     v - +0 cloak
rCorr  .         Harm     .     s - +0 pair of gloves
MR     .....                    k - +0 pair of boots
Stlth  +.........               F - amulet "Xuafrop" {Faith rF+ Str+2}
                                r - ring of see invisible
                                m - +2 ring of intelligence

@: paralysed, fainting, very heavily drained, divine energy
A: change form in water, swift swim, stealthy swim
a: Stop Divine Energy, Channel Magic, Renounce Religion


You were on level 7 of the Dungeon.
You worshipped Sif Muna.
Sif Muna was most pleased with you.
You were fainting.

You visited 1 branch of the dungeon, and saw 9 of its levels.

You collected 350 gold pieces.
You spent 140 gold pieces at shops.

Inventory:

Hand Weapons
 l - a +0 short sword
 p - a +1 long sword (weapon)
Armour
 a - a +0 robe
 d - a +0 helmet
 e - a +1 helmet (worn)
 k - a +0 pair of boots (worn)
 o - a +0 leather armour
 s - a +0 pair of gloves (worn)
 v - a +0 cloak (worn)
 M - a +0 plate armour
 R - a +0 ring mail
Jewellery
 m - a +2 ring of intelligence (left hand)
 r - a ring of see invisible (right hand)
 F - the amulet "Xuafrop" (around neck) {Faith rF+ Str+2}
   (You bought it in a shop on level 8 of the Dungeon)

   [amulet of faith]

   It allows you to gain divine favour quickly.
   It affects your strength (+2).
   It protects you from fire.
Wands
 x - a wand of lightning (0/15)
 I - a wand of flame (36/48)
 N - a wand of flame (27/48)
Scrolls
 c - a scroll of silence {unknown}
 j - 7 scrolls of remove curse
 q - 5 scrolls of identify
 G - a scroll of enchant weapon
 H - 2 scrolls of magic mapping
 J - 2 scrolls of amnesia {unknown}
 K - a scroll of blinking {unknown}
 P - a scroll of fear {unknown}
 Q - 3 scrolls of summoning {unknown}
Potions
 f - 2 potions of mutation
 h - a potion of flight
 n - 2 potions of curing
 D - 2 potions of agility
Books
 b - a book of Frost

   Spells                             Type                      Level
   a - Freeze                         Ice                          1
   b - Throw Frost                    Conjuration/Ice              2
   c - Ozocubu's Armour               Charms/Ice                   3
   d - Throw Icicle                   Conjuration/Ice              4
   e - Summon Ice Beast               Ice/Summoning                4
 t - a book of Maledictions

   Spells                             Type                      Level
   a - Corona                         Hexes                        1
   b - Ensorcelled Hibernation        Hexes/Ice                    2
   c - Confuse                        Hexes                        3
   d - Tukima's Dance                 Hexes                        3
   e - Dazzling Spray                 Conjuration/Hexes            3


   Skills:
 + Level 6.4(3.1) Fighting
 - Level 0.8(1.4) Short Blades
 + Level 6.5(3.2) Long Blades
 - Level 0.8(0.0) Armour
 - Level 4.0(0.9) Dodging
 - Level 2.1(0.0) Stealth
 * Level 6.8(3.5) Spellcasting
 - Level 0.8(0.0) Conjurations
 - Level 0.2(0.0) Charms
 - Level 3.7(0.6) Summonings
 * Level 9.3(5.8) Ice Magic


You had 8 spell levels left.
You knew the following spells:

 Your Spells              Type           Power        Failure   Level  Hunger
a - Freeze                Ice            ###.         1%          1    None
b - Throw Frost           Conj/Ice       ##....       10%         2    ##.....
c - Ozocubu's Armour      Chrm/Ice       ##......     17%         3    ###....
d - Throw Icicle          Conj/Ice       ##......     54%         4    ####...
e - Summon Ice Beast      Ice/Summ       ##......     41%         4    ####...


Dungeon Overview and Level Annotations

Branches:
Dungeon (9/15)             Temple (0/1) D:5
   Lair: D:8-11         Orc: D:9-12

Altars:
Fedhas
Gozag
Hepliaklqana
Kikubaaqudgha
Makhleb
Sif Muna
Vehumet
Xom
The Shining One

Shops:
D:8 *

Annotations:
D:7 exclusion: oklob plant


Message History

You aren't carrying any food.
You closely miss the hungry ghost.
The hungry ghost is lightly damaged.
The hungry ghost hits you.
You feel slightly more hungry. The hungry ghost hits you.
You feel slightly more hungry.
You climb upwards.
Level annotation: exclusion: oklob plant
There is a stone staircase leading down here.
The hungry ghost hits you.
You feel slightly more hungry.
Things that are here:
a giant spiked club; a giant club
Things that are here:
a flail; a robe; a dagger You lose consciousness!
The hungry ghost hits you.
You feel slightly more hungry. The hungry ghost hits you.
You feel slightly more hungry. The hungry ghost hits you.
You feel slightly more hungry. The hungry ghost hits you. x2
You have starved to death.
You die...

################## ###
#.......).)....#.#######.##
#.#####..#.#)#..........#.##
###.# #..>###W..........>..#
..†.# #..## #.@.....####.#.#
#########...###....<.## #.#.#
#...........#..#...######.#.####
#..............##.........<.....
#..##.#####.#..##########.#.....
#..##.# #....##########...####
#.[...# #..............##.# #
##...#.# #..###########.##.# #
.....#.#####.## #.##.# #


You could see a hungry ghost.

Vanquished Creatures
  The ghost of kidcy the Conjurer, a novice HEIE (D:7)
  The ghost of Kite the Covert, a novice KoBe of Trog (D:4)
  Prince Ribbit (D:9)
  2 orc warriors (D:8)
  An ice beast (D:7)
  A sky beast (D:7)
  4 ogres
  5 centaurs
  2 bullfrogs
  2 scorpions (D:7)
  2 wights
  4 killer bees
  2 howler monkeys
  A crimson imp (D:8)
  A centaur zombie (D:7)
  A jelly (D:7)
  2 hounds
  8 orc wizards
  5 orc priests
  3 bullfrog skeletons
  Terence (D:2)
  3 iguanas
  8 worker ants
  2 hound skeletons (D:6)
  Robin (D:3)
  4 gnolls
  8 adders
  A howler monkey skeleton (D:4)
  2 river rats (D:4)
  2 oozes (D:2)
  2 adder zombies
  An adder skeleton (D:6)
  3 worms
  A dart slug (D:1)
  11 leopard geckos
  24 orcs
  5 ball pythons
  6 giant cockroaches
  13 goblins
  10 hobgoblins
  6 jackals
  6 quokkas
  8 bats
  6 frilled lizards
  7 kobolds
  6 rats
196 creatures vanquished.

Vanquished Creatures (collateral kills)
  A two-headed ogre (D:7)
  A hippogriff (D:9)
  An orc warrior (D:6)
  An ogre (D:8)
  A wyvern zombie (D:6)
  A killer bee (D:7)
  2 wights (D:7)
  A jelly (D:7)
  2 orc priests
  An orc wizard (D:7)
  An iguana (D:7)
  An adder (D:5)
  3 orcs (D:7)
  A giant cockroach (D:7)
  A ball python (D:7)
19 creatures vanquished.

Vanquished Creatures (others)
  An orc wizard (D:6)
  2 fungi (D:7)
  2 plants (D:7)
5 creatures vanquished.

Grand Total: 220 creatures vanquished

Notes
Turn   | Place    | Note
-------+----------+-------------------------------------------
     0 | D:1      | kidcy the Merfolk Ice Elementalist began the quest for the Orb.
     0 | D:1      | Reached XP level 1. HP: 13/13 MP: 3/3
   296 | D:1      | Reached XP level 2. HP: 19/19 MP: 3/5
  1303 | D:2      | Reached XP level 3. HP: 25/25 MP: 4/6
  1376 | D:2      | Learned a level 2 spell: Throw Frost
  1380 | D:2      | Learned a level 3 spell: Ozocubu's Armour
  1717 | D:2      | Noticed Robin
  1754 | D:3      | Killed Robin
  1754 | D:3      | Reached XP level 4. HP: 10/31 MP: 2/8
  2108 | D:2      | Noticed Terence
  2120 | D:2      | Killed Terence
  2120 | D:2      | Reached skill level 1 in Fighting
  2120 | D:2      | Reached skill level 1 in Long Blades
  2853 | D:3      | Reached XP level 5. HP: 37/37 MP: 5/9
  3083 | D:3      | Reached skill level 4 in Ice Magic
  3383 | D:3      | Found an ancient bone altar of Kikubaaqudgha.
  3537 | D:3      | Found a faded altar of an unknown god.
  4234 | D:4      | Reached XP level 6. HP: 17/44 MP: 10/10
  4400 | D:4      | Found a deep blue altar of Sif Muna.
  4421 | D:4      | Became a worshipper of Sif Muna the Loreminder
  4455 | D:4      | Learned a level 4 spell: Summon Ice Beast
  4779 | D:4      | Noticed Kite's ghost (novice KoBe)
  4781 | D:4      | Reached skill level 1 in Summonings
  5299 | D:4      | Killed Kite's ghost
  5299 | D:4      | Reached skill level 5 in Ice Magic
  5299 | D:4      | Reached XP level 7. HP: 41/52 MP: 0/11
  5687 | D:4      | Found a burning altar of Makhleb.
  6228 | D:4      | Found a glowing golden altar of the Shining One.
  6330 | D:5      | Entered Level 5 of the Dungeon
  6374 | D:5      | Reached XP level 8. HP: 37/60 MP: 6/12
  6658 | D:5      | Found a staircase to the Ecumenical Temple.
  6669 | D:5      | Reached * piety under Sif Muna
  7147 | D:6      | Reached skill level 6 in Ice Magic
  7561 | D:6      | Learned a level 4 spell: Throw Icicle
  7885 | D:6      | Noticed a lorocyproca
  7944 | D:7      | Noticed a two-headed ogre
  7953 | D:7      | Killed a two-headed ogre
  7953 | D:7      | Reached skill level 5 in Fighting
  7968 | D:7      | Reached skill level 7 in Ice Magic
  7971 | D:7      | Reached XP level 9. HP: 56/68 MP: 0/15
  8268 | D:7      | Noticed kidcy's ghost (novice HEIE)
  8270 | D:7      | Reached skill level 5 in Long Blades
  8444 | D:7      | Killed kidcy's ghost
  8444 | D:7      | Reached ** piety under Sif Muna
  8444 | D:7      | Reached skill level 5 in Spellcasting
  8925 | D:7      | Found a hazy altar of Hepliaklqana.
  8944 | D:7      | Found a shimmering altar of Xom.
  9129 | D:7      | Found a blossoming altar of Fedhas.
  9143 | D:7      | Reached skill level 8 in Ice Magic
  9158 | D:7      | Noticed an oklob plant
 10324 | D:8      | Found a radiant altar of Vehumet.
 10338 | D:8      | Reached *** piety under Sif Muna
 10338 | D:8      | Reached XP level 10. HP: 46/76 MP: 13/19
 10492 | D:8      | Found an opulent altar of Gozag.
 10543 | D:8      | Reached skill level 9 in Ice Magic
 10820 | D:8      | Found Qaepulia's Assorted Antiques.
 10830 | D:8      | Bought a pitted crystal amulet for 140 gold pieces
 10830 | D:8      | Identified the amulet "Xuafrop" {Faith rF+ Str+2} (You bought it in a shop on level 8 of the Dungeon)
 11163 | D:9      | Noticed Prince Ribbit
 11172 | D:9      | Killed Prince Ribbit
 12919 | D:7      | Gained mutation: You are resistant to hostile enchantments. (MR+) [potion of mutation]
 12919 | D:7      | Lost mutation: You are resistant to hostile enchantments. (MR+) [potion of mutation]
 12919 | D:7      | Gained mutation: You are occasionally teleported next to monsters. [potion of mutation]
 13064 | D:7      | Lost mutation: You are occasionally teleported next to monsters. [potion of cure mutation]
 13175 | D:8      | Paralysed by fainting for 6 turns
 13207 | D:7      | Paralysed by fainting for 8 turns
 13213 | D:7      | Starved to death

Skill      XL: |  1  2  3  4  5  6  7  8  9 10 |
---------------+-------------------------------+-----
Dodging        | 3 4 |  4.0
Fighting       | 1 2 3 5 6 |  6.4
Long Blades    | 2 3 4 6 |  6.5
Ice Magic      | 4 5 7 8 9 |  9.3
Spellcasting   | 3 4 6 |  6.8
Summonings     | 2 3 |  3.7
Short Blades   | |  0.8
Armour         | |  0.8
Stealth        | |  2.1
Conjurations   | |  0.8
Charms         | |  0.2

Action                   |  1- 3 |  4- 6 |  7- 9 | 10-12 || total
-------------------------+-------+-------+-------+-------++-------
Melee: Unarmed           |    12 |       |       |       ||    12
       Short sword       |    27 |       |       |       ||    27
       Long sword        |    13 |   144 |   181 |    51 ||   389
       Tailslap          |       |       |     2 |       ||     2
 Cast: Freeze            |    42 |    46 |    78 |    49 ||   215
       Throw Frost       |       |     9 |    31 |     2 ||    42
       Ozocubu's Armour  |       |     3 |     1 |       ||     4
       Summon Ice Beast  |       |       |    35 |     8 ||    43
       Throw Icicle      |       |       |     5 |     2 ||     7
Invok: Divine Energy     |       |       |     2 |       ||     2
       Stop Divine Energ |       |       |     1 |       ||     1
Evoke: Wand              |       |     1 |    20 |     2 ||    23
  Use: Scroll            |       |     4 |     4 |     4 ||    12
       Potion            |       |       |     6 |    11 ||    17
 Stab: Sleeping          |       |     3 |     2 |       ||     5
  Eat: Bread ration      |     2 |     1 |     2 |     1 ||     6
       Meat ration       |       |     1 |     3 |     1 ||     5
       Pizza             |       |       |       |     3 ||     3
       Beef jerky        |       |       |       |     2 ||     2
Armor: Robe              |    12 |       |    38 |       ||    50
       Leather armour    |     9 |    72 |    48 |    38 ||   167
       Plate armour      |       |       |     5 |       ||     5
       Ring mail         |       |       |       |    32 ||    32
       Skin              |       |       |       |     6 ||     6
Dodge: Dodged            |    70 |   175 |   181 |    80 ||   506
       Rpst.: Long sword |     6 |    49 |    59 |    22 ||   136
